 Dungeon Crawl Stone Soup version 0.26.0-10-g1f06aea511 (webtiles) character file.

Game seed: 12747149810873058637

39 sanka the Skirmisher (level 3, 0/31 HPs)
             Began as a Ghoul Fire Elementalist on Jan 18, 2021.
             Slain by a gnoll
             ... wielding a +0 club
              (2 damage)
             ... on level 1 of the Dungeon.
             The game lasted 00:03:01 (1603 turns).

sanka the Skirmisher (Ghoul Fire Elementalist)      Turns: 1603, Time: 00:03:01

Health: 0/31       AC:  9    Str: 11    XL:     3   Next: 45%
Magic:  0/5        EV:  9    Int: 17    God:
Gold:   68         SH:  0    Dex:  9    Spells: 5/6 levels left

rFire    . . .     SeeInvis .   h - +0 short sword
rCold    + . .     Faith    .   (no shield)
rNeg     + + +     Spirit   .   i - +2 scale mail {Will+}
rPois    ∞         Reflect  .   j - +0 helmet
rElec    .         Harm     .   (no cloak)
rCorr    .         Rampage  .   (no gloves)
Will     +....                  (no boots)
Stlth    ..........             (no amulet)
HPRegen  0.00/turn              (no ring)
MPRegen  0.09/turn              d - +6 ring of intelligence

@: very slightly contaminated
A: claws 1, cold resistance 1, negative energy resistance 3, inhibited
regeneration, torment resistance, unbreathing
a: no special abilities


You were on level 1 of the Dungeon.
You visited 1 branch of the dungeon, and saw 2 of its levels.

You collected 68 gold pieces.


Innate Abilities, Weirdness & Mutations

You thrive by killing the living.
You are immune to poison.
You have sharp fingernails.
Your flesh is cold resistant. (rC+)
You are immune to negative energy. (rN+++)
You do not regenerate when monsters are visible.
You are immune to unholy pain and torment.
You can survive without breathing.


   Skills:
 - Level 3.0 Fighting
 - Level 1.7 Dodging
 - Level 2.1 Stealth
 - Level 2.0 Spellcasting
 + Level 1.0 Conjurations
 - Level 2.4 Fire Magic


You had 5 spell levels left.
You knew the following spells:

 Your Spells              Type           Power        Failure   Level
z - Foxfire               Conj/Fire      28%          52%         1

Your spell library contained the following spells:

 Spells                   Type           Power        Failure   Level
 Conjure Flame            Conj/Fire      7%           88%         3
 Inner Flame              Hex/Fire       5%           92%         3
 Sticky Flame             Conj/Fire      7%           99%         4
 Fireball                 Conj/Fire      3%           100%        5

Inventory:

Hand Weapons
 h - a +0 short sword (weapon)
Armour
 i - a +2 scale mail of willpower (worn)
 j - a +0 helmet (worn)
Jewellery
 d - a +6 ring of intelligence (right claw)
Scrolls
 c - a scroll of amnesia {unknown}
 f - a scroll of identify {unknown}
 g - a scroll of fear {unknown}
 k - a scroll of enchant armour {unknown}
Potions
 a - a potion of brilliance {unknown}
 b - a potion of attraction {unknown}
 e - a potion of haste {unknown}

Dungeon Overview and Level Annotations

Branches:
Dungeon (2/15)

Altars:

.▒.▒▒.▒▒.▒▒▒▒.▒..▒.▒▒▒▒▒▒▒▒ ▒.▒
..........................▒▒▒.▒
.▒.▒▒.▒▒....▒.▒..▒.▒........▒.▒
.▒.▒▒.▒▒▒▒▒▒..▒..▒.▒.▒▒▒▒...▒.▒
.▒.▒▒...^▒ ▒'▒▒..▒.▒.▒......▒.▒
.▒.▒▒▒▒▒▒▒▒▒.▒▒..▒.▒.▒.▒▒...▒.▒
.▒........▒8.8▒..▒.▒.▒.▒▒...▒†▒▒▒
.▒▒▒▒▒▒▒▒▒▒▒.▒▒▒g▒.▒.▒......▒....
.▒ ▒▒.▒▒▒n▒.▒.▒....▒...▒▒▒ .▒
▒8.8▒▒.▒.▒..........▒ .▒
▒▒.▒▒▒.▒.▒▒▒.▒▒▒▒▒..▒ ▒ .▒
▒▒.▒▒▒.▒.▒........▒.▒▒▒ .▒
▒8.8▒▒.▒...▒.▒▒▒▒▒▒.▒Z▒ .▒ ▒ ▒
▒▒.▒▒▒▒▒▒▒▒▒.▒ ▒.▒▒▒
.▒▒8▒▒8▒▒8▒▒.▒▒8▒▒▒8▒▒.▒ ▒...▒
.'...................'.▒ ▒.▒..
.▒▒8▒▒8▒▒8▒▒.▒▒8▒▒▒8▒▒▒▒ ▒.▒▒.


You could see a gnoll.


Message History

You hit the gnoll but do no damage.
The gnoll is severely wounded.
The gnoll hits you with a +0 club.
* * * LOW HITPOINT WARNING * * *
You conjure some foxfire!
The gnoll barely misses you.
Unknown command.
The foxfire hits the gnoll.
The gnoll is almost dead.
The foxfire hits the gnoll.
The gnoll is almost dead.
Unknown command.
You miscast Foxfire.
You are very lightly contaminated with residual magic.
Nothing appears to happen.
The gnoll closely misses you.
You miscast Foxfire.
Nothing appears to happen.
You miscast Foxfire.
Nothing appears to happen.
The gnoll closely misses you. The gnoll barely misses you.
You miscast Foxfire.
Nothing appears to happen.
The gnoll hits you with a +0 club.
* * * LOW HITPOINT WARNING * * *
Your scale mail prevents you from hitting the gnoll.
The gnoll is severely wounded.
The gnoll hits you with a +0 club.
You die...

Action                   || total
-------------------------++-------
Melee: Unarmed           ||    97
       Short sword       ||    35
 Cast: Foxfire           ||    11
  Use: Scroll            ||     1
Armor: Ring mail         ||    11
       Robe              ||     5
       Scale mail        ||    75
Dodge: Dodged            ||   103

Levels and vault maps discovered:
D:1:      shiori_arrival_whats_in_store_for_you, layout_basic, dk_noncrumbling_2
D:2:      layout_rooms, st_stairs_11, uniq_crazy_yiuf_cottage, uniq_terence

Notes
Turn   | Place    | Note
-------+----------+-------------------------------------------
     0 | D:1      | sanka the Ghoul Fire Elementalist began the quest for the
                  | Orb.
     0 | D:1      | Reached XP level 1. HP: 14/14 MP: 2/2
     0 | D:1      | Noticed a merfolk zombie
    14 | D:1      | Noticed a minotaur zombie
   339 | D:1      | Reached skill level 1 in Fighting
   356 | D:1      | Reached XP level 2. HP: 13/24 MP: 3/3
   855 | D:1      | Reached skill level 2 in Fighting
  1352 | D:2      | Reached skill level 2 in Spellcasting
  1390 | D:2      | Reached XP level 3. HP: 30/30 MP: 5/5
  1565 | D:1      | Reached skill level 3 in Fighting
  1565 | D:1      | Reached skill level 1 in Conjurations
  1596 | D:1      | HP: 2/31 [gnoll/+0 club (2)]
  1603 | D:1      | Slain by a gnoll

Vanquished Creatures
  An adder (D:1)
  A dart slug (D:2)
  A worm (D:2)
  3 bats (D:1)
  A giant cockroach (D:1)
  A hobgoblin (D:1)
  7 jackals
  4 frilled lizards
  2 goblins
  3 kobolds
  A rat (D:1)
25 creatures vanquished.

Vanquished Creatures (others)
  14 foxfires
14 creatures vanquished.

Grand Total: 39 creatures vanquished

Table legend: (Time is in decaauts)
 A = Elapsed time spent in this place.
 B = Non-inter-level travel time spent in this place.
 C = Inter-level travel time spent in this place.
 D = Time resting spent in this place.
 E = Time spent auto-exploring this place.
 F = Levels seen in this place.
 G = Mean time per level.
                   A        B        C        D        E       F      G
               +--------+--------+--------+--------+--------+-----+--------+
         Total |   1607 |   1588 |     19 |    504 |    709 |   2 |  803.5 |
       Dungeon |   1607 |   1588 |     19 |    504 |    709 |   2 |  803.5 |
               +--------+--------+--------+--------+--------+-----+--------+

Top non-repeatable levels by time:
     D:1: 1381 daAuts
     D:2: 226 daAuts
